 Dungeon Crawl Stone Soup version 0.28.0-43-g3370ac3207 (webtiles) character file.

Game seed: 14916968858048226130

11165 Ablot the Thaumaturge (level 11, -13/86 HPs)
             Began as a Gnoll Warper on Mar 22, 2022.
             Was a High Priest of Okawaru.
             Killed from afar by a rakshasa (illusionary) (17 damage)
             ... with a lance of force
             ... on level 10 of the Dungeon.
             The game lasted 00:34:54 (13137 turns).

Ablot the Thaumaturge (Gnoll Warper)               Turns: 13137, Time: 00:34:55

Health: -13/86     AC: 12    Str: 20    XL:     11   Next: 73%
Magic:  17/23      EV: 16    Int: 15    God:    Okawaru [*****.]
Gold:   653        SH:  0    Dex: 17    Spells: 8/26 levels left

rFire   + + .      SeeInvis +   y - +10 falchion of the Onslaught {drain, rF+ rN+ Int+3}
rCold   . . .      Faith    +   (no shield)
rNeg    + . .      Spirit   .   q - +1 robe {rF+}
rPois   +          Reflect  .   O - +0 helmet
rElec   .          Harm     .   R - +0 cloak
rCorr   +          Rampage  .   p - +2 pair of gloves
Will    .....                   F - +2 pair of boots
Stlth   +++.......              V - amulet of faith
HPRegen 0.24/turn               b - ring of Bealaz {*Slow rPois rCorr Str+4 Dex+6}
MPRegen 0.18/turn               n - ring of see invisible

@: no status effects
A: fangs 1, strong nose, distributed training
a: Renounce Religion, Heroism, Finesse, Duel


You were on level 10 of the Dungeon.
You worshipped Okawaru.
Okawaru was extremely pleased with you.
You visited 2 branches of the dungeon, and saw 11 of its levels.

You collected 653 gold pieces.

Inventory:

Hand Weapons
 x - a +1 hunting sling of flaming
 y - the +10 falchion of the Onslaught (weapon) {drain, rF+ rN+ Int+3}
   (You found it on level 8 of the Dungeon)

   A truly terrible weapon, it drains the life of any living foe it strikes.
   Int:       It affects your intelligence (+3).
   rF:        It protects you from fire.
   rN:        It protects you from negative energy.
 U - a +5 great sword of freezing
Missiles
 d - 4 boomerangs of dispersal (quivered)
 e - 373 stones
 s - 134 arrows
 w - 73 sling bullets
 G - a throwing net
 Q - 90 bolts
 S - 21 poisoned darts
 T - 5 curare-tipped darts
 X - 3 datura-tipped darts
Armour
 p - a +2 pair of gloves (worn)
 q - a +1 robe of fire resistance (worn)
 F - a +2 pair of boots (worn)
 O - a +0 helmet (worn)
 R - a +0 cloak (worn)
Magical Staves
 a - a staff of death
Jewellery
 b - the ring of Bealaz (left hand) {*Slow rPois rCorr Str+4 Dex+6}
   (You found it on level 6 of the Dungeon)

   [ring of dexterity]

   Str:       It affects your strength (+4).
   Dex:       It affects your dexterity (+6).
   rPois:     It protects you from poison.
   rCorr:     It protects you from acid and corrosion.
   *Slow:     It may slow you when you take damage.
 f - a ring of wizardry
 j - a ring of resist corrosion
 n - a ring of see invisible (right hand)
 o - a ring of willpower
 t - the amulet of Xom's Whimsicality {RegenMP Harm Str+2}
   (You found it on level 3 of the Dungeon)

   [amulet of magic regeneration]

   It increases your rate of magic regeneration.
   Str:       It affects your strength (+2).
   Harm:      It increases damage dealt and taken.
 V - an amulet of faith (around neck)
 Y - a +6 ring of strength
Wands
 m - a wand of acid (8)
 r - a wand of flame (21)
 A - a wand of mindburst (9)
 H - a wand of paralysis (15)
 M - a wand of digging (4)
Scrolls
 c - a scroll of blinking
 g - 3 scrolls of enchant weapon {unknown}
 k - 3 scrolls of noise {unknown}
 l - 7 scrolls of teleportation {unknown}
 u - 3 scrolls of vulnerability {unknown}
 v - a scroll of enchant armour {unknown}
 D - 2 scrolls of fear {unknown}
 I - a scroll of amnesia {unknown}
 L - a scroll of fog {unknown}
 N - a scroll of acquirement {unknown}
 Z - a scroll of identify
Potions
 h - 3 potions of curing
 i - a potion of brilliance
 z - 3 potions of heal wounds
 B - a potion of lignification
 C - 2 potions of berserk rage
 J - 4 potions of might
 K - 3 potions of mutation
 P - a potion of ambrosia
 W - a potion of cancellation


   Skills:
 + Level 8.1 Fighting
 + Level 6.5 Short Blades
 + Level 6.5 Long Blades
 + Level 6.5 Axes
 + Level 6.5 Maces & Flails
 + Level 8.1 Polearms
 + Level 6.5 Staves
 + Level 6.5 Slings
 + Level 6.5 Bows
 + Level 6.5 Crossbows
 + Level 7.1 Throwing
 + Level 7.1 Armour
 + Level 8.1 Dodging
 + Level 6.5 Stealth
 + Level 6.5 Shields
 + Level 6.5 Unarmed Combat
 + Level 8.3 Spellcasting
 + Level 5.4 Conjurations
 + Level 5.4 Hexes
 + Level 5.4 Summonings
 + Level 5.4 Necromancy
 + Level 7.8 Translocations
 + Level 5.4 Transmutations
 + Level 5.4 Fire Magic
 + Level 5.4 Ice Magic
 + Level 5.4 Air Magic
 + Level 5.4 Earth Magic
 + Level 5.4 Poison Magic
 + Level 7.2 Invocations
 + Level 6.5 Evocations


You had 8 spell levels left.
You knew the following spells:

 Your Spells              Type           Power      Damage    Failure   Level
a - Blink                 Tloc           58%        N/A       1%          2
b - Wereblood             Tmut           22%        N/A       1%          2
c - Swiftness             Air            22%        N/A       3%          3
d - Scorch                Fire           44%        2d7       1%          2
e - Gell's Gravitas       Tloc           29%        N/A       1%          3
f - Mephitic Cloud        Conj/Pois/Air  22%        N/A       3%          3
g - Dazzling Flash        Conj/Hex       44%        N/A       3%          3

Your spell library contained the following spells:

 Spells                   Type           Power      Damage    Failure   Level
 Beastly Appendage        Tmut           44%        N/A       1%          1
 Shock                    Conj/Air       88%        1d8       1%          1
 Sublimation of Blood     Necr           22%        N/A       1%          2
 Lesser Beckoning         Tloc           29%        N/A       1%          3
 Teleport Other           Tloc           29%        N/A       1%          3
 Ignite Poison            Fire/Tmut/Pois 22%        N/A       3%          3
 Spider Form              Tmut/Pois      22%        N/A       3%          3
 Iskenderun's Mystic Bla  Conj/Tloc      26%        2d7       8%          4
 Airstrike                Air            11%        N/A       12%         4
 Flame Wave               Conj/Fire      22%        2d7       12%         4
 Manifold Assault         Tloc           29%        N/A       13%         5
 Freezing Cloud           Conj/Ice/Air   11%        6-21      34%         5
 Starburst                Conj/Fire      11%        6d5       88%         6
 Summon Cactus Giant      Summ           Unusable   N/A       N/A         6
 Summon Hydra             Summ           Unusable   N/A       N/A         7

Dungeon Overview and Level Annotations

Branches:
Dungeon (10/15)            Temple (1/1) D:6            Lair (0/6) D:8
    Orc (0/2) D:10

Altars:
Ashenzari
Cheibriados
Dithmenos
Elyvilon
Fedhas
Gozag
Hepliaklqana
Kikubaaqudgha
Makhleb
Nemelex Xobeh
Okawaru
Qazlal
Ru
Sif Muna
Trog
Uskayaw
Vehumet
Wu Jian
Xom
Yredelemnul
Zin
The Shining One

Shops:
D:9 [

Annotations:
D:7 Dowan, Duvessa
D:9 3 runed translucent doors, exclusion: 3 doors


Innate Abilities, Weirdness & Mutations

You have very sharp teeth.
Your uncanny sense of smell can sniff out nearby items.
Your experience applies equally to all skills.


Message History

The rakshasa is heavily wounded.
The javelin pierces through the centaur warrior!!
You kill the centaur warrior!
The centaur warrior's corpse shimmers and vanishes!
The javelin pierces through the centaur warrior but does no damage.
Throw: javelin
Press: ? - help, Q - select action, (/) - cycle Shift-Dir - straight line, f/p - centaur warrior
Aim: a centaur warrior, quivering arrows (73% to hit)
You throw a javelin.
The javelin closely misses the rakshasa.
The javelin closely misses the centaur warrior.
The rakshasa gestures at you. The lance of force hits you!!
You are knocked back by the lance of force.
The injured rakshasa weaves a defensive illusion!
The rakshasa blinks!
The rakshasa hits you with a +0 long sword.
The centaur warrior hits you.
The centaur warrior kicks you but does no damage.
Casting: Dazzling Flash (mildly dangerous; 3% risk of failure)
Confirm with . or Enter, or press ? or * to list all spells.
Casting: Dazzling Flash (mildly dangerous; 3% risk of failure)
Press: ? - help, Dir - look around, f - activate The centaur warrior completely misses you.
The centaur warrior barely misses you. The rakshasa gestures at you.
The lance of force hits you!!
You are knocked back by the lance of force.
Casting: Dazzling Flash (mildly dangerous; 3% risk of failure)
Confirm with . or Enter, or press ? or * to list all spells.
Casting: Dazzling Flash (mildly dangerous; 3% risk of failure)
Press: ? - help, Dir - look around, f - activate The rakshasa gestures at you.
The lance of force hits you!
You are knocked back by the lance of force.
You slam into the rock wall!
* * * LOW HITPOINT WARNING * * *
The rakshasa gestures at you. The lance of force hits you!
You die...

## ###...........###..
##............####.
#.......R.......###
#..................
#..................
#....R.......(..###
#.....<....(.(...##
#...R.............. ###
#.@.c..............
..##############.................
.................................
##...............................
.............####..............##
#..........>.## #.............###
#.............####............#
##.............###............#
#..............###..........##


You could see 3 rakshasas and a centaur warrior.

Vanquished Creatures
  2 two-headed ogres
  A deep elf pyromancer (D:10)
  A wizard (D:9)
  Pikel (D:7)
  A manticore (D:9)
  Joseph (D:9)
  A shadow (D:10)
  Sigmund (D:6)
  19 yaks
  A wraith (D:10)
  2 steam dragons
  A vampire mosquito (D:9)
  2 sky beasts
  A swamp drake (D:10)
  3 orc warriors
  An ice beast (D:6)
  3 black bears
  2 hornet zombies (D:8)
  2 necrophages
  3 ogres
  4 centaurs
  A phantom (D:4)
  2 kobold brigands
  A bullfrog (D:6)
  A gnoll sergeant (D:8)
  A wyvern zombie (D:8)
  A water moccasin zombie (D:5)
  4 scorpions
  5 killer bees
  7 wights
  3 howler monkeys
  3 centaur zombies
  3 jellies
  A hound (D:4)
  Crazy Yiuf (D:3)
  2 bullfrog skeletons
  3 orc priests
  An iguana (D:3)
  9 orc wizards
  2 killer bee zombies
  A howler monkey zombie (D:7)
  9 gnolls
  3 river rats (D:6)
  10 adders
  2 white imps
  An adder skeleton (D:4)
  A worm (D:2)
  30 orcs
  13 ball pythons
  17 endoplasms
  4 giant cockroaches
  5 goblins
  7 hobgoblins
  12 jackals
  3 quokkas
  5 bats
  2 frilled lizards (D:1)
  A jackal skeleton (D:4)
  12 kobolds
  10 rats
252 creatures vanquished.

Vanquished Creatures (others)
  An orc priest (D:10)
  3 orcs (D:10)
  11 demonic plants (D:2)
  7 fungi
  8 plants (D:2)
  4 withered plants (D:2)
34 creatures vanquished.

Grand Total: 286 creatures vanquished

Notes
Turn   | Place    | Note
-------+----------+-------------------------------------------
     0 | D:1      | Ablot the Gnoll Warper began the quest for the Orb.
     0 | D:1      | Reached XP level 1. HP: 20/20 MP: 6/6
   376 | D:1      | Reached XP level 2. HP: 25/26 MP: 7/7
   389 | D:1      | Learned a level 2 spell: Blink
  1163 | D:1      | Reached XP level 3. HP: 31/31 MP: 9/9
  1169 | D:1      | Reached skill level 5 in Spellcasting
  1788 | D:2      | Reached skill level 1 in Invocations
  2077 | D:2      | Reached skill level 1 in Short Blades
  2077 | D:2      | Reached skill level 1 in Long Blades
  2077 | D:2      | Reached skill level 1 in Axes
  2077 | D:2      | Reached skill level 1 in Maces & Flails
  2077 | D:2      | Reached skill level 1 in Staves
  2077 | D:2      | Reached skill level 1 in Slings
  2077 | D:2      | Reached skill level 1 in Bows
  2077 | D:2      | Reached skill level 1 in Crossbows
  2077 | D:2      | Reached skill level 1 in Stealth
  2077 | D:2      | Reached skill level 1 in Shields
  2077 | D:2      | Reached skill level 1 in Unarmed Combat
  2077 | D:2      | Reached skill level 1 in Evocations
  2077 | D:2      | Reached XP level 4. HP: 28/38 MP: 11/11
  2443 | D:2      | You fall into a shaft and drop 2 floors!
  2750 | D:2      | Found a faded altar of an unknown god.
  2951 | D:2      | Reached skill level 1 in Conjurations
  2951 | D:2      | Reached skill level 1 in Hexes
  2951 | D:2      | Reached skill level 1 in Summonings
  2951 | D:2      | Reached skill level 1 in Necromancy
  2951 | D:2      | Reached skill level 1 in Transmutations
  2951 | D:2      | Reached skill level 1 in Fire Magic
  2951 | D:2      | Reached skill level 1 in Ice Magic
  2951 | D:2      | Reached skill level 1 in Air Magic
  2951 | D:2      | Reached skill level 1 in Earth Magic
  2951 | D:2      | Reached skill level 1 in Poison Magic
  3423 | D:3      | Reached XP level 5. HP: 43/43 MP: 12/12
  3423 | D:3      | Found an iron altar of Okawaru.
  3427 | D:3      | Became a worshipper of Warmaster Okawaru
  3554 | D:3      | Identified the amulet of Xom's Whimsicality {RegenMP Harm
                  | Str+2}
  3769 | D:3      | Found a runed translucent door.
  3770 | D:3      | Noticed Crazy Yiuf
  4051 | D:4      | Reached XP level 6. HP: 31/50 MP: 13/13
  4149 | D:4      | Reached skill level 5 in Fighting
  4149 | D:4      | Reached skill level 5 in Polearms
  4149 | D:4      | Reached skill level 5 in Dodging
  4301 | D:4      | Reached * piety under Okawaru
  4302 | D:4      | Reached XP level 7. HP: 21/56 MP: 13/15
  4724 | D:5      | Entered Level 5 of the Dungeon
  4816 | D:4      | Reached XP level 8. HP: 53/63 MP: 14/16
  5001 | D:5      | Found an ornate altar of the Wu Jian Council.
  5079 | D:5      | Reached ** piety under Okawaru
  5369 | D:5      | Found a basalt altar of Yredelemnul.
  5423 | D:5      | Found a white marble altar of Elyvilon.
  5428 | D:5      | Found an opulent altar of Gozag.
  6215 | D:6      | Noticed Sigmund
  6234 | D:6      | Killed Sigmund
  6281 | D:6      | Reached XP level 9. HP: 42/69 MP: 18/18
  6308 | D:6      | Reached *** piety under Okawaru
  6376 | D:6      | Identified the ring of Bealaz {*Slow rPois rCorr Str+4
                  | Dex+6}
  6537 | D:6      | Found a staircase to the Ecumenical Temple.
  6713 | D:6      | Learned a level 2 spell: Wereblood
  6717 | D:6      | Learned a level 3 spell: Swiftness
  6720 | D:6      | Learned a level 2 spell: Scorch
  6983 | D:6      | Reached skill level 5 in Throwing
  6983 | D:6      | Reached skill level 5 in Armour
  7184 | Temple   | Entered the Ecumenical Temple
  7369 | D:7      | Noticed Dowan
  7770 | D:7      | Noticed Duvessa
  7867 | D:7      | Noticed Pikel
  7886 | D:7      | Killed Pikel
  7887 | D:7      | Reached skill level 5 in Invocations
  8453 | D:3      | Killed Crazy Yiuf
  8833 | D:8      | Reached XP level 10. HP: 67/77 MP: 18/20
  8838 | D:8      | Received a gift from Okawaru
  8992 | D:8      | Reached skill level 5 in Short Blades
  8992 | D:8      | Reached skill level 5 in Long Blades
  8992 | D:8      | Reached skill level 5 in Axes
  8992 | D:8      | Reached skill level 5 in Maces & Flails
  8992 | D:8      | Reached skill level 5 in Staves
  8992 | D:8      | Reached skill level 5 in Slings
  8992 | D:8      | Reached skill level 5 in Bows
  8992 | D:8      | Reached skill level 5 in Crossbows
  8992 | D:8      | Reached skill level 5 in Stealth
  8992 | D:8      | Reached skill level 5 in Shields
  8992 | D:8      | Reached skill level 5 in Unarmed Combat
  8992 | D:8      | Reached skill level 5 in Evocations
  9023 | D:8      | Found a staircase to the Lair.
  9283 | D:8      | Identified the +10 falchion of the Onslaught {drain, rF+
                  | rN+ Int+3}
  9464 | D:8      | Noticed a two-headed ogre
  9494 | D:8      | Killed a two-headed ogre
  9494 | D:8      | Reached **** piety under Okawaru
  9852 | D:8      | Learned a level 3 spell: Gell's Gravitas
 10009 | D:9      | Found Lenni's Armour Boutique.
 10235 | D:9      | Received a gift from Okawaru
 10385 | D:9      | Learned a level 3 spell: Mephitic Cloud
 10410 | D:9      | Noticed Joseph
 10432 | D:9      | Reached ***** piety under Okawaru
 10439 | D:9      | Received a gift from Okawaru
 10444 | D:9      | Reached XP level 11. HP: 73/84 MP: 19/22
 10451 | D:9      | Killed Joseph
 10581 | D:9      | Noticed a manticore
 10666 | D:9      | Killed a manticore
 10871 | D:9      | Found a runed translucent door.
 10871 | D:9      | Noticed a two-headed ogre
 10872 | D:9      | Found a runed translucent door.
 10872 | D:9      | Noticed a two-headed ogre
 10872 | D:9      | Noticed a yaktaur captain
 10873 | D:9      | Found a runed translucent door.
 10873 | D:9      | Noticed a death knight
 10873 | D:9      | Noticed a deep elf pyromancer
 10873 | D:9      | Noticed a flayed ghost
 11039 | D:9      | Noticed a wizard
 11046 | D:9      | Killed a wizard
 11047 | D:9      | Reached skill level 5 in Conjurations
 11047 | D:9      | Reached skill level 5 in Hexes
 11047 | D:9      | Reached skill level 5 in Summonings
 11047 | D:9      | Reached skill level 5 in Necromancy
 11047 | D:9      | Reached skill level 5 in Transmutations
 11047 | D:9      | Reached skill level 5 in Fire Magic
 11047 | D:9      | Reached skill level 5 in Ice Magic
 11047 | D:9      | Reached skill level 5 in Air Magic
 11047 | D:9      | Reached skill level 5 in Earth Magic
 11047 | D:9      | Reached skill level 5 in Poison Magic
 11194 | D:10     | Entered Level 10 of the Dungeon
 11637 | D:10     | Found a staircase to the Orcish Mines.
 11891 | D:10     | Learned a level 3 spell: Dazzling Flash
 12216 | D:10     | Noticed a two-headed ogre
 12216 | D:10     | Noticed a deep elf pyromancer
 12228 | D:10     | Killed a deep elf pyromancer
 12236 | D:10     | Killed a two-headed ogre
 12236 | D:10     | Received a gift from Okawaru
 12262 | D:10     | Noticed a rakshasa
 12838 | D:10     | Found a glowing golden altar of the Shining One.
 13080 | D:10     | Noticed a centaur warrior
 13137 | D:10     | HP: 4/86 [rock wall collision (22)]
 13137 | D:10     | Killed from afar by a rakshasa (illusionary)

Illustrated notes

Levels and vault maps discovered:
D:1:      dpeg_arrival_arbitrary_b, layout_basic, minmay_small_reverse_x
D:2:      layout_loops_ring, shapermc_ecumenical_altar_gd, minmay_pentomino_pile
D:3:      layout_rooms, mainiacjoe_overflow_tiny_flanked, minmay_quadrilaterals,
          uniq_crazy_yiuf_cottage
D:4:      layout_gridville, minmay_distorted
D:5:      layout_basic, nicolae_wu_jian_glorious_leap,
          minmay_overflow_temple_star_quad, hangedman_decor_peaks_small,
          hangedman_abyss_or_decor_jellyfish_corner, minmay_fountain_box,
          grunt_decor_one_mirror
D:6:      layout_gridville, temple_statues, portal_sewer_entry_e, uniq_sigmund
D:7:      layout_gridville, uniq_pikel, uniq_duvessa
D:8:      layout_layer_cave, dpeg_oklobed_lair
D:9:      minmay_the_grid_triangle_9x9_rhombus_full
          [minmay_the_grid_triangle_9x9_fully_insulated_deathbox,
          minmay_the_grid_triangle_9x9_odd_lines,
          minmay_the_grid_triangle_9x9_warning,
          minmay_the_grid_triangle_9x9_limited_checkers,
          minmay_the_grid_triangle_9x9_corruption,
          minmay_the_grid_triangle_9x9_from_above,
          minmay_the_grid_triangle_9x9_shrine,
          minmay_the_grid_triangle_9x9_prize_center], layout_stronghold,
          serial_shops, shop, laboratory, uniq_joseph
D:10:     layout_cave_pods, tso_oasis_becter, erik_orc_1, minmay_alternating_orb
Temple:   lightli_temple_of_artemis

Skill      XL: |  1  2  3  4  5  6  7  8  9 10 11 |
---------------+----------------------------------+-----
Spellcasting   | 5 6 7 8 |  8.3
Invocations    | 1 2 3 4 5 6 7 |  7.2
Short Blades   | 1 2 3 4 5 6 |  6.5
Long Blades    | 1 2 3 4 5 6 |  6.5
Axes           | 1 2 3 4 5 6 |  6.5
Maces & Flails | 1 2 3 4 5 6 |  6.5
Staves         | 1 2 3 4 5 6 |  6.5
Slings         | 1 2 3 4 5 6 |  6.5
Bows           | 1 2 3 4 5 6 |  6.5
Crossbows      | 1 2 3 4 5 6 |  6.5
Stealth        | 1 2 3 4 5 6 |  6.5
Shields        | 1 2 3 4 5 6 |  6.5
Unarmed Combat | 1 2 3 4 5 6 |  6.5
Evocations     | 1 2 3 4 5 6 |  6.5
Conjurations   | 1 2 3 4 5 |  5.4
Hexes          | 1 2 3 4 5 |  5.4
Summonings     | 1 2 3 4 5 |  5.4
Necromancy     | 1 2 3 4 5 |  5.4
Transmutations | 1 2 3 4 5 |  5.4
Fire Magic     | 1 2 3 4 5 |  5.4
Ice Magic      | 1 2 3 4 5 |  5.4
Air Magic      | 1 2 3 4 5 |  5.4
Earth Magic    | 1 2 3 4 5 |  5.4
Poison Magic   | 1 2 3 4 5 |  5.4
Throwing       | 3 4 5 6 7 |  7.1
Armour         | 3 4 5 6 7 |  7.1
Fighting       | 5 6 7 8 |  8.1
Polearms       | 5 6 7 8 |  8.1
Dodging        | 5 6 7 8 |  8.1
Translocations | 6 7 |  7.8

Action                   |  1- 3 |  4- 6 |  7- 9 | 10-12 || total
-------------------------+-------+-------+-------+-------++-------
Melee: Spear             |   164 |   289 |   173 |       ||   626
       Bite              |    17 |    18 |    63 |    40 ||   138
       Punch             |       |     3 |    12 |    28 ||    43
       Dagger            |       |     4 |   180 |       ||   184
       Falchion          |       |       |   122 |   297 ||   419
       Great sword       |       |       |       |    24 ||    24
 Fire: Hunting sling     |       |       |       |    13 ||    13
Throw: Boomerang         |       |    15 |    14 |       ||    29
       Javelin           |       |       |     4 |     4 ||     8
       Dart              |       |       |     4 |    24 ||    28
 Cast: Blink             |       |     3 |     5 |     2 ||    10
       Scorch            |       |       |     7 |       ||     7
       Wereblood         |       |       |     2 |     6 ||     8
       Dazzling Flash    |       |       |       |     5 ||     5
Invok: Heroism           |       |       |     1 |     5 ||     6
       Finesse           |       |       |       |     1 ||     1
Evoke: Wand              |       |       |     6 |       ||     6
  Use: Potion            |       |     2 |       |       ||     2
       Scroll            |       |       |       |     8 ||     8
 Stab: Sleeping          |     1 |     3 |     4 |     2 ||    10
       Paralysed         |       |       |     3 |       ||     3
       Distracted        |       |       |       |     1 ||     1
       Invisible         |       |       |       |     1 ||     1
Armor: Leather armour    |    32 |    57 |    46 |       ||   135
       Robe              |       |       |    55 |   102 ||   157
Dodge: Dodged            |    85 |   159 |   302 |   269 ||   815
